 Dungeon Crawl Stone Soup version 0.21-a0-421-gfc1ce30 (webtiles) character file.

969 dricus the Cudgeler (level 7, -2/58 HPs)
             Began as a Demonspawn Abyssal Knight on Nov 4, 2017.
             Was a Priest of Lugonu.
             Succumbed to a killer bee's poison
             ... on level 5 of the Dungeon.
             The game lasted 00:09:59 (6088 turns).

dricus the Cudgeler (Demonspawn Abyssal Knight)     Turns: 6088, Time: 00:09:59

Health: -2/58      AC: 12    Str: 14    XL:     7   Next: 94%
Magic:  8/8        EV:  8    Int: 13    God:    Lugonu [***...]
Gold:   297        SH:  0    Dex: 13    Spells: 6/6 levels left

rFire    + . .     SeeInvis .   a - +1 flail
rCold    . . .     Gourm    .   (no shield)
rNeg     . . .     Faith    .   d - +1 chain mail
rPois    .         Spirit   .   (no helmet)
rElec    .         Reflect  .   (no cloak)
rCorr    .         Harm     .   o - +2 pair of gloves
MR       .....                  (no boots)
Stlth    ..........             (no amulet)
HPRegen  0.19/turn              (no ring)
MPRegen  0.11/turn              (no ring)

@: lethally poisoned (-2 -> -52), drained
A: claws 1, repulsion field 1, fire resistance 1, ignite blood, flame cloud
immunity
a: Depart the Abyss, Bend Space, Banish, Renounce Religion


You were on level 5 of the Dungeon.
You worshipped Lugonu.
Lugonu was most pleased with you.
You were near starving.

You visited 1 branch of the dungeon, and saw 5 of its levels.
You visited the Abyss 1 time.

You collected 297 gold pieces.

Inventory:

Hand Weapons
 a - a +1 flail (weapon)
Armour
 d - a +1 chain mail (worn)
 o - a +2 pair of gloves (worn)
Scrolls
 g - 2 scrolls of amnesia
Potions
 f - a potion of agility
 h - a potion of invisibility
 l - a potion of lignification
Comestibles
 c - 3 bread rations
 i - a fruit
 n - 4 meat rations
 q - a royal jelly


   Skills:
 + Level 6.0(5.7) Fighting
 * Level 7.1(6.8) Maces & Flails
 - Level 1.7(1.5) Armour
 - Level 0.8(0.6) Dodging
 - Level 2.4(2.2) Invocations


You had 6 spell levels left.
You didn't know any spells.

Dungeon Overview and Level Annotations

Branches:
Dungeon (5/15)             Temple (0/1) D:5

Altars:
Makhleb
Sif Muna
Zin
The Shining One


Innate Abilities, Weirdness & Mutations

You have sharp fingernails.
You are surrounded by a mild repulsion field. (EV +2)
Your flesh is heat resistant. (rF+)
Your demonic aura causes spilled blood to erupt in flames.
You are immune to clouds of flame.


Message History

You miss the killer bee.
The killer bee is severely wounded.
* * * LOW HITPOINT WARNING * * *
You feel very sick. The killer bee closely misses you.
The killer bee stings you but does no damage.
You closely miss the killer bee.
The killer bee is severely wounded.
* * * LOW HITPOINT WARNING * * *
You feel very sick. The killer bee stings you.
* * * LOW HITPOINT WARNING * * *
You are more poisoned.
The killer bee poisons you! The killer bee stings you!
* * * LOW HITPOINT WARNING * * *
You are more poisoned.
The killer bee poisons you!
You barely miss the killer bee.
The killer bee is severely wounded.
You die...

##### #...## .....# ###
.....###.## ###########
.....##.#.###...@y†...#
.......###>##(#######.#
#...###.#.###.# #####.###########
##.#####.####.# #..(...y...yyyy..
#..........#.# #.####y########.#
##............###.# #y########.#
#....######.###.#.####..........y
.......# #.##.#..÷÷.........##.#
#....#.## #######.####.#####...%y


You could see a killer bee.

Vanquished Creatures
  A sky beast (D:5)
  A necrophage (D:5)
  The ghost of dricus the Distorting Demonspawn, an amateur DsAK of Lugonu (D:3)
  An ogre (D:4)
  4 killer bees
  A crimson imp (D:2)
  A centaur skeleton (D:5)
  2 hounds
  An orc wizard (D:5)
  3 worker ants (D:4)
  3 gnolls (D:5)
  6 adders
  A shadow imp (D:4)
  An ooze (D:2)
  3 worms
  3 dart slugs
  18 orcs
  2 giant cockroaches
  16 goblins
  4 hobgoblins
  13 jackals
  4 kobolds
  2 quokkas (D:5)
  2 ball pythons
  9 bats
  8 frilled lizards
  A leopard gecko skeleton (D:5)
  7 rats
119 creatures vanquished.

Notes
Turn   | Place    | Note
-------+----------+-------------------------------------------
     0 | Abyss:1  | dricus the Demonspawn Abyssal Knight began the quest for the Orb.
     0 | Abyss:1  | Reached XP level 1. HP: 18/18 MP: 2/2
    43 | Abyss:1  | Found a corrupted altar of Lugonu.
   104 | Abyss:1  | Noticed a ynoxinul
   109 | D:1      | Escaped the Abyss
   272 | D:1      | Reached skill level 2 in Maces & Flails
   488 | D:1      | Gained mutation: Your flesh is heat resistant. (rF+) [demonic ancestry]
   488 | D:1      | Reached XP level 2. HP: 22/24 MP: 3/3
   541 | D:1      | Reached * piety under Lugonu
  1129 | D:2      | Gained mutation: You are immune to clouds of flame. [demonic ancestry]
  1129 | D:2      | Reached XP level 3. HP: 27/29 MP: 4/4
  1162 | D:2      | Found a glowing golden altar of the Shining One.
  1236 | D:2      | Reached skill level 3 in Maces & Flails
  1354 | D:2      | Gained mutation: Your demonic aura causes spilled blood to erupt in flames. [demonic ancestry]
  1354 | D:2      | Reached XP level 4. HP: 30/37 MP: 5/5
  1416 | D:2      | Found a burning altar of Makhleb.
  1727 | D:2      | Reached ** piety under Lugonu
  2153 | D:3      | Reached skill level 4 in Maces & Flails
  2406 | D:3      | Gained mutation: You have sharp fingernails. [demonic ancestry]
  2406 | D:3      | Reached XP level 5. HP: 26/42 MP: 6/6
  2553 | D:3      | Noticed dricus's ghost (amateur DsAK)
  3349 | D:3      | Killed dricus's ghost
  3642 | D:3      | Reached XP level 6. HP: 44/49 MP: 7/7
  3962 | D:4      | Reached skill level 5 in Maces & Flails
  4170 | D:4      | Found a glowing silver altar of Zin.
  4228 | D:4      | Reached skill level 5 in Fighting
  4463 | D:4      | Reached *** piety under Lugonu
  4704 | D:5      | Entered Level 5 of the Dungeon
  4780 | D:5      | Gained mutation: You are surrounded by a mild repulsion field. (EV +2) [demonic ancestry]
  4780 | D:5      | Reached XP level 7. HP: 36/56 MP: 8/8
  4919 | D:5      | Found a faded altar of an unknown god.
  4922 | D:5      | Found a staircase to the Ecumenical Temple.
  4933 | D:5      | Reached skill level 6 in Maces & Flails
  5372 | D:5      | Found a deep blue altar of Sif Muna.
  5631 | D:4      | HP: 4/85 [poisoned by a killer bee]
  5637 | D:4      | HP: 3/85 [poisoned by a killer bee]
  5645 | D:4      | HP: 1/57 [poisoned by a killer bee]
  6064 | D:5      | Reached skill level 7 in Maces & Flails
  6087 | D:5      | HP: 1/58 [killer bee (7)]
  6088 | D:5      | Succumbed to a killer bee's poison

Vault maps used:
D:1:      moated_graveyard_arrival, minmay_bisected
D:2:      nicolae_tso_swordbearing_angel, makhleb_grotto_becter
D:4:      overflow_temple_1_default, minmay_ogre_servants
D:5:      lemuel_blue_sif_altar, nicolae_temple_entry_ecumenical, first_bread

Skill      XL: |  1  2  3  4  5  6  7 |
---------------+----------------------+-----
Maces & Flails | 2 3 4 5 7 |  7.1
Fighting       | 4 5 6 |  6.0
Armour         | |  1.7
Dodging        | |  0.8
Invocations    | |  2.4

Action                   |  1- 3 |  4- 6 |  7- 9 || total
-------------------------+-------+-------+-------++-------
Melee: Mace              |   101 |    79 |       ||   180
       Flail             |       |   159 |   137 ||   296
Invok: Depart the Abyss  |     1 |       |       ||     1
  Use: Scroll            |       |     5 |     7 ||    12
       Potion            |       |     1 |     5 ||     6
  Eat: Chunk             |     1 |    12 |     2 ||    15
Armor: Leather armour    |    33 |    36 |       ||    69
       Chain mail        |       |    56 |   119 ||   175
Dodge: Dodged            |    77 |   129 |    85 ||   291

Table legend:
 A = Spawn XP
 B = Non-spawn XP
 C = Spawn XP percentage of total XP
 D = Spawn monster count
 E = Non-spawn monster count
 F = Spawn count percentage of total count
 G = Total turns spent on level
                    A         B        C        D         E        F      G
               +---------+---------+-------+---------+---------+-------+---------
         Total |       0 |    1385 |   0.0 |       0 |     119 |   0.0 |  6088
               +---------+---------+-------+---------+---------+-------+---------
           D:1 |       0 |      38 |   0.0 |       0 |      21 |   0.0 |   973
           D:2 |       0 |     139 |   0.0 |       0 |      21 |   0.0 |  1488
           D:3 |       0 |     208 |   0.0 |       0 |      31 |   0.0 |  1333
           D:4 |       0 |     355 |   0.0 |       0 |      18 |   0.0 |  1202
           D:5 |       0 |     645 |   0.0 |       0 |      28 |   0.0 |   983
               +---------+---------+-------+---------+---------+-------+---------
